Cogmind - Beta 15 @@@ ROGUE MODE // 2025.08.12 @ 07:00:04 Player: shapeshifter Result: Destroyed by S-27 Virus with Autogun Performance ------------- Evolutions (5) 2500 Regions Visited (14) 2800 Robots Destroyed (130) 650 Value Destroyed (6589) 6589 Prototype IDs (28) 560 Alien Tech Used (0) 0 Bonus (4961) 4961 TOTAL SCORE: 18060 Bonus ------- High Alert Combat Kills 745 Follower Combat Kills 1561 Entered Garrisons 600 Used RIF Installer 1500 Entered DSFs 500 Aligned with FarCom 300 Friendly Fire -245 Cogmind --------- Core Integrity 0/1000 Matter 470/550 Energy 97/100 System Corruption 50% Temperature Cool (0) Movement Core (800) Ox15 Location -5/Garrison Parts ------- > --- POWER (2) -------- (None) > --- PROPULSION (5) --- (None) > --- UTILITY (8) ------ High-capacity Storage Unit Matter Compressor Point Defense System > --- WEAPON (2) ------- (None) > --- INVENTORY (20) --- Authchip [R/Combat] Authchip [R/Combat] Authchip [R/Combat] Relay Coupler [Grunt] (33) Relay Coupler [Duelist] (32) Relay Coupler [Sentry] (28) Relay Coupler [Specialist] (31) Relay Coupler [Heavy] (18) Relay Coupler [Behemoth] (18) Peak State ------------ > --- POWER ------------ Reinforced Deuterium Engine > --- PROPULSION ------- Carbon-fiber Leg Carbon-fiber Leg Carbon-fiber Leg Flexi-carbon Leg > --- UTILITY ---------- High-capacity Storage Unit Advanced Visual Processing Unit Army-in-a-Box > --- WEAPON ----------- Heavy Laser Gauss Rifle > --- INVENTORY -------- Micro Nuclear Core Light Fission Core VSS Leg Cryofiber Web Advanced Heat Sink Improved Cooling System Improved Terrain Scanner Kinecellerator Improved Medium Armor Plating Relay Coupler [Swarmer] Relay Coupler [Grunt] Relay Coupler [Sentry] Relay Coupler [Specialist] Relay Coupler [Hunter] Relay Coupler [Heavy] Relay Coupler [Behemoth] Heavy Laser Datajack [Rating: 91] Favorites ----------- Power Light Nuclear Core Engine Reinforced Deuterium Engine Power Core Light Nuclear Core Propulsion Carbon-fiber Leg Treads Light Treads Leg Carbon-fiber Leg Wheel Compact Wheel Hover Unit Improved Airjet Flight Unit VTOL Module Utility High-capacity Storage Unit Device Cryofiber Web Storage High-capacity Storage Unit Processor Advanced Visual Processing Unit Hackware Relay Coupler [Swarmer] Protection Improved Medium Armor Plating Weapon Gauss Rifle Energy Gun Heavy Laser Energy Cannon Long-range Proton Cannon Ballistic Gun Gauss Rifle Ballistic Cannon Advanced Assault Cannon Launcher Rocket Launcher Special Weapon Improved Plasma Cutter Impact Weapon Impact Mace Special Melee Weapon Datajack Build | -11 -10 -10 -10 -9 -8 -7 -7 -7 -7 -6 -5 -5 -5 -5 ------- Run | Yrd Mat Min Exi Min Mat Fac Gar Fac DSF Fac Fac Gar Fac Gar Slots Evolved 10 | . . . . . 4 2 . . . 2 2 . . . Power 1 | . . . . . . . . . . . 1 . . . Propulsion 3 | . . . . . 1 1 . . . . 1 . . . Utility 6 | . . . . . 3 1 . . . 2 . . . . Weapon . | . . . . . . . . . . . . . . . Parts Attached 141 | 7 3 4 1 2 24 1 21 . 3 17 12 24 10 12 Power 16 | 1 . 1 . . 2 . 3 . . 2 1 3 2 1 Engine 5 | 1 . 1 . . 1 . . . . 1 . 1 . . Core 11 | . . . . . 1 . 3 . . 1 1 2 2 1 Reactor . | . . . . . . . . . . . . . . . Propulsion 43 | 2 . 2 . . 6 1 7 . 1 5 2 9 4 4 Treads 8 | 2 . . . . . . 2 . . . . . . 4 Leg 27 | . . . . . 4 1 5 . 1 5 2 5 4 . Wheel 3 | . . 2 . . 1 . . . . . . . . . Hover 1 | . . . . . 1 . . . . . . . . . Flight 4 | . . . . . . . . . . . . 4 . . Utility 51 | 2 2 . 1 1 10 . 8 . 1 7 5 7 3 4 Device 17 | 1 . . . . 5 . 1 . . 2 2 4 1 1 Storage 5 | 1 1 . 1 . 1 . . . . . . . . 1 Processor 5 | . . . . . 2 . . . . 2 . . 1 . Hackware 6 | . . . . . 1 . . . . 1 1 3 . . Protection 18 | . 1 . . 1 1 . 7 . 1 2 2 . 1 2 Artifact . | . . . . . . . . . . . . . . . Weapon 31 | 2 1 1 . 1 6 . 3 . 1 3 4 5 1 3 Energy Gun 7 | . . . . . 2 . . . . 1 2 1 1 . Energy Cannon 5 | . . . . . 1 . . . . . . 2 . 2 Ballistic Gun 11 | 2 . 1 . 1 3 . 2 . 1 . . 1 . . Ballistic Cannon 1 | . . . . . . . . . . 1 . . . . Launcher 3 | . 1 . . . . . 1 . . . . . . 1 Special Weapon 2 | . . . . . . . . . . . 1 1 . . Impact Weapon 1 | . . . . . . . . . . . 1 . . . Slashing Weapon . | . . . . . . . . . . . . . . . Piercing Weapon . | . . . . . . . . . . . . . . . Special Melee Weapon 1 | . . . . . . . . . . 1 . . . . Unidentified Prototypes 5 | . . . . . 4 . . . . . 1 . . . Corrupted Parts 5 | . . . . . . . . . . 1 . 1 . 3 System Corruption 35 | . . . . . . . . . . 4 . 6 . 25 Parts Lost 70 | . 2 2 . . 1 . 8 . 1 6 6 11 4 29 Power 9 | . . 1 . . . . 1 . . 1 1 1 . 4 Propulsion 28 | . 1 . . . . . 6 . . 3 3 4 1 10 Utility 20 | . 1 1 . . 1 . 1 . . 1 1 3 3 8 Weapon 13 | . . . . . . . . . 1 1 1 3 . 7 Highest Loss Streak 11 | . 1 2 . . 1 . 2 . 1 2 6 7 2 11 To Critical Strikes 2 | . . . . . . . . . . . 1 1 . . Average Backups 14 | 4 7 9 14 14 13 11 13 13 13 15 13 16 20 14 Power . | . 1 . 2 2 1 1 . . . . 1 . 1 . Propulsion . | 3 2 1 2 2 1 . . . . . . . . 1 Utility 9 | . 1 2 5 6 4 6 9 10 10 11 9 12 13 9 Weapon 2 | . 1 4 4 3 4 3 2 2 2 1 1 2 3 2 Tool/Special . | . . . . . . . . . . . . . . . Unused Backups 36 | . 2 . 3 . 13 . 4 . . 2 . . 3 9 Power 3 | . . . . . 3 . . . . . . . . . Propulsion 5 | . 2 . . . 2 . . . . 1 . . . . Utility 23 | . . . 2 . 4 . 4 . . 1 . . 3 9 Weapon 5 | . . . 1 . 4 . . . . . . . . . Tool/Special . | . . . . . . . . . . . . . . . Average Slot Usage (%) 85 | . 99 86 85 94 97 92 96 100 96 75 78 89 98 54 Engine 4 | . 13 13 14 14 4 7 2 . . 2 5 3 2 . Core 3 | . . . . . 4 . 4 7 7 3 1 5 7 3 Treads 3 | . 27 . . . . . 3 . . . . . . 12 Leg 17 | . . . . . 24 30 23 30 30 23 25 17 29 6 Wheel 3 | . . 27 28 28 2 . . . . . . . . . Flight 1 | . . . . . . . . . . . . 5 . . Device 8 | . 7 . . . 8 7 7 7 7 6 13 15 17 4 Storage 7 | . 14 14 14 14 9 7 7 7 7 6 5 5 5 5 Processor 8 | . . . . . 14 15 15 15 15 12 5 5 8 4 Hackware 3 | . . . . . 2 . . . . 1 2 10 9 . Protection 6 | . 6 1 . 8 9 7 14 15 15 5 5 5 . 4 Energy Gun 1 | . . . . . . . . . . 2 5 5 3 . Ballistic Gun 10 | . 27 28 28 28 17 15 14 15 11 6 2 1 . . Peak Build Rating 91 | 7 8 8 13 16 46 49 54 47 47 91 59 73 88 89 Average Rating 48 | 5 7 7 8 14 41 49 47 46 45 70 54 61 75 47 On Entrance 36 | . 7 7 7 13 16 46 49 46 47 47 37 58 73 88 Naked Turns . | . . . . . . . . . . . . . . . Heaviest Build 143 | 14 31 31 45 50 59 57 68 68 69 143 83 88 92 98 Greatest Support 100 | 40 40 26 26 26 60 75 75 50 52 65 77 80 100 100 Greatest Overweight (x) 21 | . 8 1 1 1 2 . 3 1 1 10 2 21 1 13 Average Overweight (x) . | . . . . 1 . . . 1 1 1 . 1 . . Largest Inventory Capacity 20 | 8 15 15 20 20 20 20 20 20 20 20 20 20 20 20 Average Capacity 19 | 7 10 15 18 20 20 20 20 20 20 20 20 20 20 20 Most Carried 20 | 7 10 14 20 20 20 20 20 20 20 20 17 20 20 20 Average Carried 16 | 4 7 9 16 19 19 19 19 19 19 18 13 16 19 14 Final Capacity 20 | 8 15 15 20 20 20 20 20 20 20 20 20 20 20 20 Final Carried 20 | 6 8 14 20 20 20 20 19 20 19 18 17 20 20 9 Class Distribution -------------------- 38% | Mutant 32% | Bothacker-Mutant 26% | Scavenger-Mutant Dominant Class ---------------- Mutant | -10/Materials Mutant | -10/Mines Mutant | -10/Exiles Mutant | -9/Mines Mutant | -8/Materials Mutant | -7/Factory Bothacker-Mutant | -7/Garrison Bothacker-Mutant | -7/Factory Bothacker-Mutant | -7/DSF Bothacker-Mutant | -6/Factory Bothacker-Mutant | -5/Factory Scavenger-Mutant | -5/Garrison Scavenger-Mutant | -5/Factory Mutant | -5/Garrison Resources | -11 -10 -10 -10 -9 -8 -7 -7 -7 -7 -6 -5 -5 -5 -5 ----------- Run | Yrd Mat Min Exi Min Mat Fac Gar Fac DSF Fac Fac Gar Fac Gar Matter Collected 4087 | 256 241 137 . 18 735 . 1057 . 60 533 147 561 137 205 Remotely . | . . . . . . . . . . . . . . . Salvage Created 5088 | 29 307 160 . 36 1186 . 1102 . 60 564 263 705 205 471 Parts 232 | 6 17 14 . 7 65 . 49 . 4 17 11 25 8 9 Haulers Intercepted 2 | . . . . . 2 . . . . . . . . . Recyclers Shooed 4 | 1 . . . . . . . . . 3 . . . . Parts Field Recycled . | . . . . . . . . . . . . . . . Retrieved Matter . | . . . . . . . . . . . . . . . Parts Self-Destructed . | . . . . . . . . . . . . . . . Prevented . | . . . . . . . . . . . . . . . Kills | -11 -10 -10 -10 -9 -8 -7 -7 -7 -7 -6 -5 -5 -5 -5 ------- Run | Yrd Mat Min Exi Min Mat Fac Gar Fac DSF Fac Fac Gar Fac Gar Combat Hostiles Destroyed 105 | . 9 7 . 3 18 . 32 . 1 4 4 15 2 10 Melee 4 | . . . . . . . . . . . . . 1 3 Guns 73 | . 6 7 . 3 18 . 21 . 1 4 4 9 . . Cannons 1 | . . . . . . . . . . . . 1 . . AOE 16 | . 3 . . . . . 11 . . . . . . 2 Classes Destroyed 14 | 1 4 1 . . 6 . 1 . . 1 . . . . Worker 3 | . . 1 . . 1 . . . . 1 . . . . Builder 3 | . . . . . 2 . . . . . . . 1 . Tunneler 2 | 2 . . . . . . . . . . . . . . Hauler 2 | . . . . . 2 . . . . . . . . . Recycler 6 | . . . . . 2 . . . . 3 . . 1 . Operator 1 | . 1 . . . . . . . . . . . . . Watcher 7 | . 1 . . . 4 . . . . . 2 . . . Swarmer 40 | . 3 6 . 3 4 . 16 . . . 1 7 . . Grunt 36 | . 6 1 . . 7 . 14 . . . 1 7 . . Duelist 2 | . . . . . 2 . . . . . . . . . Sentry 10 | . . . . . 4 . 2 . . 1 . 1 . 2 Specialist 1 | . . . . . . . . . 1 . . . . . Hunter 6 | . . . . . 1 . . . . 1 2 . . 2 Programmer 10 | . . . . . . . . . . 2 . . 2 6 Infiltrator 1 | . . . . . . . 1 . . . . . . . Best Kill Streak 7 | 2 3 4 . 3 7 . 7 . 1 2 3 6 4 2 Combat Bots Only 7 | . 3 3 . 3 4 . 7 . 1 1 1 6 1 2 Max Kills in Single Turn 3 | 1 2 1 . 1 2 . 3 . 1 2 1 1 1 1 Gunslinging . | . . . . . . . . . . . . . . . Exploded 3 | . 2 . . . . . 3 . . . . . . 1 Melee 1 | . . . . . . . . . . . . . 1 1 Uniques/NPCs Destroyed . | . . . . . . . . . . . . . . . Combat | -11 -10 -10 -10 -9 -8 -7 -7 -7 -7 -6 -5 -5 -5 -5 -------- Run | Yrd Mat Min Exi Min Mat Fac Gar Fac DSF Fac Fac Gar Fac Gar Hostile Shots Fired 1161 | . 68 48 . 6 85 . 255 . 19 145 65 147 13 310 Missed 337 | . 20 15 . . 22 . 73 . 7 51 20 43 1 85 Hits 824 | . 48 33 . 6 63 . 182 . 12 94 45 104 12 225 Melee 4 | . . . . . 4 . . . . . . . . . Projectile 820 | . 48 33 . 6 59 . 182 . 12 94 45 104 12 225 AOE 1 | . . . . . . . . . . 1 . . . . Critical Strikes 23 | . . . . . 2 . . . 1 2 1 7 1 9 Part Disruptions 2 | . . . . . . . . . . 1 . . . 1 Damage Taken 13332 | . 528 287 . 47 885 . 2358 . 253 1644 779 1552 438 4561 Core 1679 | . 98 83 . 18 181 . 166 . . 118 91 240 20 664 Absorbed by Shields 229 | . . . . . . . . . . 36 . 193 . . Ignored by Resistances 178 | . . . . . . . . . . . . 178 . . Core Remaining (%) 69 | 100 . . . 20 67 . . . 76 86 . . . . Volleys Fired 462 | 5 37 21 . 4 70 . 113 . 4 32 34 85 2 55 Largest 2 | 2 2 2 . 2 2 . 2 . 1 2 2 2 2 2 Hottest 162 | 40 40 40 . 40 60 . 56 . 28 97 97 162 146 146 Shots Fired 753 | 10 70 42 . 8 138 . 193 . 4 60 47 114 5 62 Gun 657 | 10 66 42 . 8 136 . 183 . 4 56 44 99 2 7 Cannon 55 | . . . . . 2 . . . . 4 . 10 3 36 Launcher 19 | . 4 . . . . . 10 . . . . . . 5 Special 22 | . . . . . . . . . . . 3 5 . 14 Kinetic 544 | 10 66 42 . 8 136 . 183 . 4 47 20 28 . . Thermal 121 | . . . . . 2 . . . . 13 24 68 . 14 Explosive 19 | . 4 . . . . . 10 . . . . . . 5 Electromagnetic 61 | . . . . . . . . . . . . 13 5 43 Robot Hit Streak 17 | 3 8 5 . 8 12 . 17 . 5 11 7 12 . 8 Robot Miss Streak 7 | 1 2 7 . . 6 . 4 . 2 6 4 4 2 2 Penetration Max 1 | . . . . . 1 . 1 . . 1 1 . . . Secondary Targets 13 | . 1 2 . . 2 . 5 . . . . 3 . . Max Gunslinging Chain 1 | . 1 1 . . 1 . 1 . . . . 1 . . Shots Hit Robots 462 | 6 42 19 . 7 77 . 95 . 2 50 27 63 10 64 Core Hits 236 | 2 20 15 . 4 44 . 56 . 1 35 13 27 2 17 Critical Kills 3 | . . . . . 1 . . . . . . . 1 1 Critical Parts Destroyed 14 | . . . . . 1 . 2 . . 3 . . 2 6 Critical Strikes 22 | . . . . . 2 . 2 . . 3 . 5 3 7 Burn 5 | . . . . . . . . . . . . 5 . . Destroy 7 | . . . . . 2 . 2 . . 3 . . . . Smash 10 | . . . . . . . . . . . . . 3 7 Melee Attacks 114 | . . . . . . . . . . 3 . 50 18 43 Impact 111 | . . . . . . . . . . . . 50 18 43 Slashing . | . . . . . . . . . . . . . . . Piercing . | . . . . . . . . . . . . . . . Sneak Attacks 5 | . . . . . . . . . . 3 . . 2 . Combat Hostiles . | . . . . . . . . . . . . . . . Follow-up Attacks . | . . . . . . . . . . . . . . . Damage Inflicted 11188 | 63 555 185 . 55 1808 . 2712 . 44 1043 527 1379 632 2185 Guns 7129 | 63 452 185 . 55 1808 . 1874 . 44 938 527 1117 . 66 Cannons 741 | . . . . . . . . . . 105 . 262 . 374 Explosions 1261 | . 103 . . . . . 838 . . . . . . 320 Melee 1931 | . . . . . . . . . . . . . 632 1299 Ramming 64 | . . . . . . . . . . . . . . 64 Kinetic 5858 | 63 452 185 . 55 1808 . 1874 . 44 849 279 249 . . Thermal 1328 | . . . . . . . . . . 194 248 824 . 62 Explosive 1261 | . 103 . . . . . 838 . . . . . . 320 Electromagnetic 746 | . . . . . . . . . . . . 306 . 440 Impact 1931 | . . . . . . . . . . . . . 632 1299 Slashing . | . . . . . . . . . . . . . . . Piercing . | . . . . . . . . . . . . . . . Highest Corruption 50 | . . . . . . . . . . 7 . 6 9 50 Average Corruption 18 | . . . . . . . . . . 6 . 6 6 40 Corruption Purged . | . . . . . . . . . . . . . . . Corruption Blocked . | . . . . . . . . . . . . . . . Effects 130 | . . . . . . . . . . 38 . 3 24 65 Message Errors 43 | . . . . . . . . . . 13 . 1 7 22 Matter Fused 22 | . . . . . . . . . . 6 . 1 5 10 Heat Flow Errors 11 | . . . . . . . . . . 3 . . 2 6 Energy Discharges 11 | . . . . . . . . . . 3 . . 2 6 Parts Rejected 2 | . . . . . . . . . . . . . . 2 Parts Fused 1 | . . . . . . . . . . 1 . . . . Data Loss (minor) 14 | . . . . . . . . . . 2 . . 4 8 Data Loss (major) 10 | . . . . . . . . . . 5 . 1 2 2 Misfires 8 | . . . . . . . . . . 3 . . 1 4 Alerts 2 | . . . . . . . . . . 1 . . 1 . Misdirections 3 | . . . . . . . . . . . . . . 3 Weapon Failures 3 | . . . . . . . . . . 1 . . . 2 Overload Shots . | . . . . . . . . . . . . . . . Overflow Damage 667 | . 4 . . . . . 1 . . . . . 191 471 Projectiles 3 | . . . . . . . . . . . . . . 3 Explosions 67 | . 4 . . . . . 1 . . . . . . 62 Melee 597 | . . . . . . . . . . . . . 191 406 Knockbacks 4 | . . . . . . . . . . 3 . . . 1 Impact 1 | . . . . . . . . . . . . . . 1 Kinetic 2 | . . . . . . . . . . 2 . . . . Secondary 1 | . . . . . . . . . . 1 . . . . Self-Inflicted Damage 226 | . . . . . . . 41 . . . . . . 185 Shots 6 | . . . . . . . 2 . . . . . . 4 Rammed 17 | . . . . . . . . . . . . . . 17 Targets Rammed 18 | . . . . . . . . . . . . . . 18 Kicked . | . . . . . . . . . . . . . . . Crushed 1 | . . . . . . . . . . . . . . 1 Highest Temperature 277 | . 18 12 . . 277 . . . . 237 . . 101 250 Average Temperature 51 | . 7 5 . . 126 . . . . 43 . . 61 94 Received Heat Transfer 2722 | . 279 27 . . 261 . 933 . . 555 . 316 . 351 Siege Activations . | . . . . . . . . . . . . . . . Martial Activations . | . . . . . . . . . . . . . . . Shielding Activations . | . . . . . . . . . . . . . . . Robots Disrupted 1 | . . . . . . . . . . . . . . 1 Combat Hostiles 1 | . . . . . . . . . . . . . . 1 Robots Corrupted 8 | . . . . . . . . . . . . 2 2 4 Combat Hostiles 7 | . . . . . . . . . . . . 2 1 4 Parts Fried 11 | . . . . . . . . . . . . 2 . 9 Impact Corruptions 30 | . . . . . . . . . . . . . 11 19 Robots Melted 3 | . . . . . . . . . . . . 3 . . Combat Hostiles 3 | . . . . . . . . . . . . 3 . . Parts Melted 10 | . . . . . . . . . . 1 . 8 . 1 Heat Transferred 2893 | . . . . . . . . . . 370 481 1894 . 148 Parts Sabotaged . | . . . . . . . . . . . . . . . Parts Stolen . | . . . . . . . . . . . . . . . Parts Stripped . | . . . . . . . . . . . . . . . Power Chain Reactions . | . . . . . . . . . . . . . . . Alert | -11 -10 -10 -10 -9 -8 -7 -7 -7 -7 -6 -5 -5 -5 -5 ------- Run | Yrd Mat Min Exi Min Mat Fac Gar Fac DSF Fac Fac Gar Fac Gar Maximum Alert Level 4 | . . . . . 1 . 4 2 2 2 1 4 3 2 Low Security (%) 43 | 100 100 100 . 100 83 100 34 . . 42 58 23 . . Level 1 13 | . . . . . 16 . 6 . . 20 41 28 . 1 Level 2 29 | . . . . . . . 20 100 100 37 . 18 85 98 Level 3 7 | . . . . . . . 19 . . . . 15 14 . Level 4 6 | . . . . . . . 19 . . . . 13 . . Level 5 . | . . . . . . . . . . . . . . . High Security . | . . . . . . . . . . . . . . . Max Security . | . . . . . . . . . . . . . . . Peak Influence 1399 | 5 129 103 . 70 283 123 1280 672 474 639 296 1399 734 607 Initial 734 | . . 38 . . . 123 11 672 449 248 296 57 734 460 Average 369 | . 63 32 . 18 134 65 575 659 456 272 187 525 655 512 Influence Increases 6169 | 10 295 175 . 70 603 14 1389 . 35 1276 116 1512 262 412 Destroy 0b10 Robot/C 2940 | . 180 140 . 60 360 . 680 . 20 600 80 500 120 200 Destroy 0b10 Robot/NC 135 | 10 10 5 . . 55 . . . . 30 10 . 15 . Destroy Leader 510 | . 52 30 . 10 102 . 50 . . 152 24 30 30 30 Allied During Kill 560 | . . . . . . . 6 . . 458 2 78 16 . Successful Hack 54 | . 14 . . . 19 14 . . . . . 7 . . Disable Machine 135 | . 15 . . . 45 . . . . . . 30 45 . Anti-Garrison Action 1300 | . . . . . . . 550 . . . . 750 . . Destroy Structure 325 | . 24 . . . 7 . 73 . . 6 . 57 36 122 Partial Spotted 15 | . . . . . . . . . . 15 . . . . Lose Combat Pursuer 195 | . . . . . 15 . 30 . 15 15 . 60 . 60 Influence Decreases 5587 | 10 196 274 . 70 332 268 126 638 203 1145 639 195 1003 488 Entered New Map 2439 | . . 61 . . . 148 6 608 193 226 309 25 665 198 Time Decay 1944 | 10 176 193 . 70 322 120 . 30 . 515 230 . 278 . Lost Part 669 | . 20 20 . . 10 . 80 . 10 29 60 110 40 290 Lost Ally 535 | . . . . . . . 40 . . 375 40 60 20 . Squads Dispatched 22 | . 4 . . . 3 1 . . . 12 1 . 1 . Investigation 5 | . 1 . . . 1 1 . . . 1 1 . . . Extermination 4 | . . . . . . . . . . 4 . . . . Reinforcement 8 | . 3 . . . 2 . . . . 3 . . . . Assault 2 | . . . . . . . . . . 1 . . 1 . Garrison 3 | . . . . . . . . . . 3 . . . . Intercept . | . . . . . . . . . . . . . . . Searches Triggered . | . . . . . . . . . . . . . . . Construction Impeded 2 | . . . . . 2 . . . . . . . . . Haulers Reinforced . | . . . . . . . . . . . . . . . Active Scanning Responses . | . . . . . . . . . . . . . . . Cargo Convoy Interrupts . | . . . . . . . . . . . . . . . Stealth | -11 -10 -10 -10 -9 -8 -7 -7 -7 -7 -6 -5 -5 -5 -5 --------- Run | Yrd Mat Min Exi Min Mat Fac Gar Fac DSF Fac Fac Gar Fac Gar Distress Signals 9 | . . 1 . . 4 . . . . 3 1 . . . Communications Jammed . | . . . . . . . . . . . . . . . Distress Signals . | . . . . . . . . . . . . . . . Times Spotted 200 | . 18 7 . 3 24 . 40 . 2 48 9 29 5 15 Peak Tracking Total 9 | . 4 3 . 3 4 . 8 . 1 8 3 9 2 4 Tactical Retreats 10 | . . . . . 1 . 2 . 1 1 . 2 . 3 Traps | -11 -10 -10 -10 -9 -8 -7 -7 -7 -7 -6 -5 -5 -5 -5 ------- Run | Yrd Mat Min Exi Min Mat Fac Gar Fac DSF Fac Fac Gar Fac Gar Traps Triggered 12 | . 2 . . . 1 . 4 . . . . 5 . . Indirectly . | . . . . . . . . . . . . . . . Trap Hack Attempts . | . . . . . . . . . . . . . . . Triggered . | . . . . . . . . . . . . . . . Disarmed . | . . . . . . . . . . . . . . . Reprogrammed . | . . . . . . . . . . . . . . . Reused . | . . . . . . . . . . . . . . . Traps Extracted . | . . . . . . . . . . . . . . . Installed . | . . . . . . . . . . . . . . . Triggered . | . . . . . . . . . . . . . . . Machines | -11 -10 -10 -10 -9 -8 -7 -7 -7 -7 -6 -5 -5 -5 -5 ---------- Run | Yrd Mat Min Exi Min Mat Fac Gar Fac DSF Fac Fac Gar Fac Gar Machines Disabled 19 | . 1 . . . 3 . 4 . . . . 8 3 . Max in Single Turn 1 | . 1 . . . 1 . 1 . . . . 1 1 . Garrison Relay 10 | . . . . . . . 4 . . . . 6 . . Machines Repaired . | . . . . . . . . . . . . . . . Machines Dismantled 1 | . . . . . . . . . . . . 1 . . Machines Sabotaged . | . . . . . . . . . . . . . . . Overloaded Fab Kills . | . . . . . . . . . . . . . . . Hacking | -11 -10 -10 -10 -9 -8 -7 -7 -7 -7 -6 -5 -5 -5 -5 --------- Run | Yrd Mat Min Exi Min Mat Fac Gar Fac DSF Fac Fac Gar Fac Gar Machines Accessed 30 | . 3 . 2 1 5 3 3 1 . 3 3 3 3 . Terminals 18 | . 2 . . . 5 2 3 1 . 2 . 3 . . Fabricators 3 | . . . . . . . . . . 1 2 . . . Repair Stations 1 | . . . . . . . . . . . . . 1 . Recycling Units 1 | . 1 . . . . . . . . . . . . . Scanalyzers 1 | . . . . . . . . . . . . . 1 . Garrison Access 3 | . . . . . . 1 . . . . 1 . 1 . Total Hacks 64 | . 8 . 2 1 14 7 9 1 . 7 4 4 7 . Successful 22 | . 4 . 2 1 5 1 . 1 . 3 1 1 3 . Failed 42 | . 4 . . . 9 6 9 . . 4 3 3 4 . Catastrophic 11 | . 2 . . . 2 2 . . . 1 1 1 2 . Database Lockouts . | . . . . . . . . . . . . . . . Manual 24 | . 6 . 1 . 10 3 . . . 1 . . 3 . Terminals 42 | . 6 . . . 14 3 9 1 . 5 . 4 . . Fabricators 5 | . . . . . . . . . . 2 3 . . . Repair Stations 3 | . . . . . . . . . . . . . 3 . Recycling Units 2 | . 2 . . . . . . . . . . . . . Scanalyzers 3 | . . . . . . . . . . . . . 3 . Garrison Access 6 | . . . . . . 4 . . . . 1 . 1 . Terminal Hacks 12 | . 2 . 2 1 4 . . 1 . 1 . 1 . . Record 1 | . . . 1 . . . . . . . . . . . Open Door 2 | . . . . 1 . . . . . . . 1 . . Open DSF 1 | . . . . . . . . 1 . . . . . . Branch Access Points 1 | . . . . . 1 . . . . . . . . . Emergency Access Points 1 | . . . . . 1 . . . . . . . . . Recall Investigation 1 | . . . . . 1 . . . . . . . . . Registered Components 2 | . 1 . . . 1 . . . . . . . . . Zone Layout 2 | . 1 . . . . . . . . 1 . . . . Proto ID Catalog 1 | . . . 1 . . . . . . . . . . . Fabricator Hacks 2 | . . . . . . . . . . 2 . . . . Network Status 2 | . . . . . . . . . . 2 . . . . Repair Station Hacks . | . . . . . . . . . . . . . . . Recycling Unit Hacks 2 | . 2 . . . . . . . . . . . . . Report Inventory 1 | . 1 . . . . . . . . . . . . . Retrieve Components 1 | . 1 . . . . . . . . . . . . . Scanalyzer 2 | . . . . . . . . . . . . . 2 . Insert Component 1 | . . . . . . . . . . . . . 1 . Analyze 1 | . . . . . . . . . . . . . 1 . Garrison Access Hacks 3 | . . . . . . 1 . . . . 1 . 1 . Unlock Access 3 | . . . . . . 1 . . . . 1 . 1 . Unauthorized Hacks 1 | . . . . . 1 . . . . . . . . . Terminals 1 | . . . . . 1 . . . . . . . . . Botnet 1 | . . . . . 1 . . . . . . . . . Fabricators . | . . . . . . . . . . . . . . . Repair Stations . | . . . . . . . . . . . . . . . Recycling Units . | . . . . . . . . . . . . . . . Scanalyzers . | . . . . . . . . . . . . . . . Garrison Access . | . . . . . . . . . . . . . . . Data Cores Recovered . | . . . . . . . . . . . . . . . Used . | . . . . . . . . . . . . . . . Hacking Detections 24 | . 3 . . . 5 3 3 . . 2 3 2 3 . Full Trace Events 10 | . 2 . . . 1 1 3 . . 1 1 1 . . Feedback Events . | . . . . . . . . . . . . . . . Feedback Blocked . | . . . . . . . . . . . . . . . Robot Schematics Acquired . | . . . . . . . . . . . . . . . Robots Built . | . . . . . . . . . . . . . . . Authchips . | . . . . . . . . . . . . . . . Time . | . . . . . . . . . . . . . . . Total Robot Build Rating . | . . . . . . . . . . . . . . . Part Schematics Acquired 1 | . . . . . . . . . . . . . 1 . Parts Built . | . . . . . . . . . . . . . . . Authchips . | . . . . . . . . . . . . . . . Time . | . . . . . . . . . . . . . . . Total Part Build Rating . | . . . . . . . . . . . . . . . Parts Repaired . | . . . . . . . . . . . . . . . Time . | . . . . . . . . . . . . . . . Parts Recycled . | . . . . . . . . . . . . . . . Recycled Matter . | . . . . . . . . . . . . . . . Retrieved Matter . | . . . . . . . . . . . . . . . Retrieved Components 3 | . 3 . . . . . . . . . . . . . Parts Scanalyzed 1 | . . . . . . . . . . . . . 1 . Part Schematics Acquired 1 | . . . . . . . . . . . . . 1 . Parts Damaged . | . . . . . . . . . . . . . . . Bothacking | -11 -10 -10 -10 -9 -8 -7 -7 -7 -7 -6 -5 -5 -5 -5 ------------ Run | Yrd Mat Min Exi Min Mat Fac Gar Fac DSF Fac Fac Gar Fac Gar Used RIF Installer 3 | . . . . . . . 1 . . . . 1 . 1 Coupler Efficiency 1 | . . . . . . . . . . . . . . 1 Signal Jammer 1 | . . . . . . . . . . . . 1 . . Robots Hacked 4 | . . . . . . . . . . 1 1 2 . . Non-combat 1 | . . . . . . . . . . 1 . . . . Combat 3 | . . . . . . . . . . . 1 2 . . Robot Hacks Applied 5 | . . . . . . . . . . 2 1 2 . . no_distress 1 | . . . . . . . . . . 1 . . . . drop_inventory 1 | . . . . . . . . . . 1 . . . . amplify_resonance 2 | . . . . . . . . . . . 1 1 . . formatsys_high 1 | . . . . . . . . . . . . 1 . . Relay Couplers Released 39 | . . . . . . . 18 . . . . 21 . . Machine Destruction 39 | . . . . . . . 18 . . . . 21 . . Attached 5 | . . . . . . . . . . 1 1 3 . . Fabnet Peak Effective % . | . . . . . . . . . . . . . . . Robots Rewired 2 | . . . . . . . . . . . . 2 . . Allies Hacked 4 | . . . . . . . . . . . . 4 . . Hacks Repelled . | . . . . . . . . . . . . . . . Allies | -11 -10 -10 -10 -9 -8 -7 -7 -7 -7 -6 -5 -5 -5 -5 -------- Run | Yrd Mat Min Exi Min Mat Fac Gar Fac DSF Fac Fac Gar Fac Gar Total Allies 15 | . . 4 . . . . 3 . . . . 8 . . Largest Group 5 | . . 4 . . . . 2 . . . . 5 2 . Highest-Rated Group 369 | . . 71 . . . . 157 . . . . 369 102 . Highest-Rated Ally 178 | . . 31 . . . . 95 . . . . 178 51 . Total Orders . | . . . . . . . . . . . . . . . Ally Attacks 338 | . . . . . . . 18 . . 253 . 58 9 . Total Damage 6869 | . . . . . . . 678 . . 3577 . 1963 651 . Kills 49 | . . . . . . . 2 . . 31 . 10 6 . Allies Corrupted 1 | . . . . . . . . . . 1 . . . . Allies Melted . | . . . . . . . . . . . . . . . Intel | -11 -10 -10 -10 -9 -8 -7 -7 -7 -7 -6 -5 -5 -5 -5 ------- Run | Yrd Mat Min Exi Min Mat Fac Gar Fac DSF Fac Fac Gar Fac Gar Active Infowar (turns) 9898 | 21 271 . . . 642 247 1965 67 96 2066 490 2294 603 1136 Optics 9604 | . . . . . 640 247 1965 67 96 2066 490 2294 603 1136 Sensors 2 | . . . . . 2 . . . . . . . . . Terrain 204 | . . . . . . . . . . . . 33 171 . Seismic 292 | 21 271 . . . . . . . . . . . . . Robot Analysis Total . | . . . . . . . . . . . . . . . Derelict Logs Recovered 3 | . . 2 . 1 . . . . . . . . . . Drone Launches 46 | . . . . . . . . . . 46 . . . . Drone Recoveries . | . . . . . . . . . . . . . . . Exploration | -11 -10 -10 -10 -9 -8 -7 -7 -7 -7 -6 -5 -5 -5 -5 ------------- Run | Yrd Mat Min Exi Min Mat Fac Gar Fac DSF Fac Fac Gar Fac Gar Turns Passed 11982 | 133 538 709 402 284 918 247 1965 67 96 2066 490 2294 603 1170 Spaces Moved 5538 | 69 256 643 395 256 462 190 882 35 45 720 262 680 301 342 Core 20 | 9 1 . . . . . . . . . . 8 . 2 Treads 608 | 60 255 . . . . . 1 . . . . . . 292 Legs 3492 | . . . . . 421 190 881 35 45 720 262 589 301 48 Wheels 1335 | . . 643 395 256 41 . . . . . . . . . Hover . | . . . . . . . . . . . . . . . Flight 83 | . . . . . . . . . . . . 83 . . Fastest Speed 50 | 50 160 90 90 105 108 127 127 192 190 115 114 120 114 114 Average Speed 164 | 145 161 91 99 105 129 127 176 192 191 236 142 238 152 189 Slowest Speed 1335 | 160 450 105 105 105 270 127 400 192 192 990 260 1335 190 700 Overloaded Moves . | . . . . . . . . . . . . . . . Propulsion Burnouts . | . . . . . . . . . . . . . . . Robots Hopped . | . . . . . . . . . . . . . . . Potential Cave-ins . | . . . . . . . . . . . . . . . Cave-ins Triggered . | . . . . . . . . . . . . . . . Exploration Rate (%) 40 | 7 50 98 68 64 38 8 72 1 47 36 8 81 7 21 Regions Visited 14 Branch Regions 3 Pre-discovered Areas 1 | . . . 1 . . . . . . . . . . . Known Exits Taken 5 | . . . . . 1 1 . 1 . . 1 . 1 . Unknown Exits Taken 6 | 1 1 1 1 1 . . . . . 1 . . . . Scrap Searched 1 | . . 1 . . . . . . . . . . . . Spaces Dug 24 | . . . . . . . 6 . . . . 11 7 . Terrain Destroyed 177 | . 23 . . . 6 . 53 . . 2 2 13 7 71 Melee 15 | . . . . . . . . . . . . 8 7 . Projectile 25 | . . . . . 6 . 10 . . 2 2 5 . . AOE 137 | . 23 . . . . . 43 . . . . . . 71 Terrain Rammed . | . . . . . . . . . . . . . . . Walls Destroyed . | . . . . . . . . . . . . . . . Machines Disabled . | . . . . . . . . . . . . . . . Actions | -11 -10 -10 -10 -9 -8 -7 -7 -7 -7 -6 -5 -5 -5 -5 --------- Run | Yrd Mat Min Exi Min Mat Fac Gar Fac DSF Fac Fac Gar Fac Gar Total 7420 | 93 318 730 404 265 657 195 1096 35 53 1026 334 1142 411 661 Wait 775 | . 5 51 . 1 37 3 21 . . 219 10 205 57 166 Move 5527 | 68 255 642 394 255 461 190 881 34 44 719 262 679 301 342 Hop . | . . . . . . . . . . . . . . . Pick Up 148 | 13 10 10 4 1 23 1 18 1 . 16 9 28 7 7 Fast Attach 29 | . . . 1 1 10 . 5 . . 4 . 2 5 1 Attach 98 | 7 5 4 . . 9 1 6 . 1 8 14 21 2 20 Detach 13 | . . . . . 3 . 1 . . 1 4 2 . 2 Swap 68 | . 3 . . 1 11 . 14 . 2 9 1 16 8 3 Drop 103 | . 3 2 5 2 33 . 17 . 2 15 . 12 11 1 Fire 462 | 5 37 21 . 4 70 . 113 . 4 32 34 85 2 55 Melee 114 | . . . . . . . . . . 3 . 50 18 43 Ram 6 | . . . . . . . . . . . . . . 6 Kick . | . . . . . . . . . . . . . . . Crush 12 | . . . . . . . . . . . . . . 12 Escape Stasis 35 | . . . . . . . 20 . . . . 15 . . Rewire 22 | . . . . . . . . . . . . 19 . 3 Trap . | . . . . . . . . . . . . . . . Miscellaneous 8 | . . . . . . . . . . . . 8 . . Route ------- -11/Scrapyard -10/Materials (discovered 3 exits: [*Mat x2] / [*Min]) -10/Mines (discovered 3 exits: [*Mat x2] / *Exi) -10/Exiles -9/Mines -8/Materials -7/Factory -7/Garrison (discovered 2 exits: *Fac x2) -7/Factory -7/DSF -6/Factory (discovered 2 exits: *Fac / [*Low]) -5/Factory -5/Garrison (discovered 3 exits: *Fac x3) -5/Factory -5/Garrison History --------- Turn | Location | Event 7 | -11/Scrapyard | Discovered new exit (range 14) 134 | -11/Scrapyard | Entered Materials 308 | -10/Materials | Build established: Mutant 399 | -10/Materials | Discovered new exit (range 13) 554 | -10/Materials | Discovered new exit (range 15) 630 | -10/Materials | Discovered new exit (range 13) 672 | -10/Materials | Entered Mines 683 | -10/Mines | Learned location of 1 exit from Materials 687 | -10/Mines | Met a Derelict bent on vengeance 703 | -10/Mines | Discovered new exit (range 5) 750 | -10/Mines | Received a Rocket Launcher from a helpful Derelict 775 | -10/Mines | Core integrity fell below 50% 941 | -10/Mines | Escorted by a lone wolf Derelict 997 | -10/Mines | Discovered new exit (range 7) 1007 | -10/Mines | Learned Materials emergency access door positions 1207 | -10/Mines | Found DCF Scrap (13 items) 1325 | -10/Mines | Assisted by bots powering up and referring to "LRC-V3" 1335 | -10/Mines | Excavation squad dispatched 1335 | -10/Mines | A large section of the Mines collapsed 1360 | -10/Mines | Deemed a non-threat by the Exiles lab entrance 1360 | -10/Mines | Discovered new exit (range 5) 1381 | -10/Mines | Entered Exiles 1402 | -10/Exiles | Met 8R-AWN 1418 | -10/Exiles | Met EX-HEX 1461 | -10/Exiles | Met EX-DEC 1476 | -10/Exiles | Learned location of Zion (-6) 1532 | -10/Exiles | Discovered new exit (range 10) 1601 | -10/Exiles | Met EX-BIN 1615 | -10/Exiles | Aligned with FarCom system 1616 | -10/Exiles | Given EX-Vault access code 1641 | -10/Exiles | Opened EX-Vault 1654 | -10/Exiles | Found Army-in-a-Box 1676 | -10/Exiles | Warned to stay clear of 0b10 Research branches 1783 | -10/Exiles | Left Exiles lab with Army-in-a-Box 1783 | -10/Exiles | Entered Mines 1903 | -9/Mines | Found the Drone Emporium 1910 | -9/Mines | Found Prototype Device 1958 | -9/Mines | Learned Materials security intel 2059 | -9/Mines | Discovered new exit (range 8) 2067 | -9/Mines | Entered Materials 2067 | -8/Materials | Evolved 4 slots: Propulsion x1, Utility x3 2068 | -8/Materials | Identified exit to Factory 2069 | -8/Materials | Identified Decoy Drone Bay 2985 | -8/Materials | Entered Factory 2985 | -7/Factory | Evolved 2 slots: Propulsion x1, Utility x1 3232 | -7/Factory | Identified exit to Garrison 3232 | -7/Factory | Entered Garrison 3258 | -7/Garrison | Found embedded Infiltrators 3294 | -7/Garrison | Triggered checkpoint 3382 | -7/Garrison | Installed Relay Interface Framework 3416 | -7/Garrison | Garrison Relay disabled 3836 | -7/Garrison | Rescued a captive Derelict 3958 | -7/Garrison | Destroyed 7 combat bots 4193 | -7/Garrison | Discovered new exit (range 12) 4334 | -7/Garrison | Garrison Relay disabled 4392 | -7/Garrison | Garrison Relay disabled 4600 | -7/Garrison | Build established: Bothacker-Mutant 4708 | -7/Garrison | Triggered checkpoint 4727 | -7/Garrison | Triggered checkpoint 4837 | -7/Garrison | Garrison Relay disabled 4918 | -7/Garrison | Discovered new exit (range 12) 5193 | -7/Garrison | Identified exit to Factory 5197 | -7/Garrison | Entered Factory 5222 | -7/Factory | Identified exit to DSF 5264 | -7/Factory | Entered DSF 5284 | -7/DSF | Discovered new exit (range 20) 5305 | -7/DSF | Additional patrols routed to DSF 5318 | -7/DSF | Identified exit to Factory 5360 | -7/DSF | Entered Factory 5360 | -6/Factory | Evolved 2 slots: Utility x2 6322 | -6/Factory | Discovered new exit (range 92) 6429 | -6/Factory | Lost 4 allies 6552 | -6/Factory | Found Corrupted Prototype Device 6910 | -6/Factory | Discovered new exit (range 21) 7054 | -6/Factory | Garrison activated, responded to threat 7110 | -6/Factory | First assault squad dispatched 7261 | -6/Factory | Garrison activated, responded to threat 7346 | -6/Factory | Lost 20 allies 7426 | -6/Factory | Entered another Factory area 7426 | -5/Factory | Accompanied by 2 allies 7426 | -5/Factory | Evolved 2 slots: Power x1, Propulsion x1 7747 | -5/Factory | Lost 6 parts (1p3n1u1w) 7916 | -5/Factory | Identified exit to Garrison 7916 | -5/Factory | Entered Garrison 8166 | -5/Garrison | Triggered checkpoint 8192 | -5/Garrison | Garrison Relay disabled 8537 | -5/Garrison | Lost 7 parts (1p3n1u2w) 8846 | -5/Garrison | Build established: Scavenger-Mutant 8933 | -5/Garrison | Rescued AZ-K3N 9278 | -5/Garrison | AZ-K3N assimilated hostile G-50 Soldier 9374 | -5/Garrison | Triggered checkpoint 9393 | -5/Garrison | AZ-K3N assimilated hostile G-50 Soldier 9449 | -5/Garrison | Discovered new exit (range 17) 9464 | -5/Garrison | Expanded RIF knowledge: Signal Jamming 9482 | -5/Garrison | Triggered checkpoint 9491 | -5/Garrison | Garrison Relay disabled 9500 | -5/Garrison | Garrison Relay disabled 9550 | -5/Garrison | Garrison Relay disabled 9560 | -5/Garrison | AZ-K3N assimilated hostile Y-64 Sentinel 9628 | -5/Garrison | Triggered checkpoint 9644 | -5/Garrison | Triggered checkpoint 9734 | -5/Garrison | Discovered new exit (range 12) 9750 | -5/Garrison | Triggered checkpoint 9772 | -5/Garrison | Garrison Relay disabled 9773 | -5/Garrison | AZ-K3N assimilated hostile Y-64 Sentinel 9998 | -5/Garrison | Discovered new exit (range 17) 10012 | -5/Garrison | Triggered checkpoint 10044 | -5/Garrison | Garrison Relay disabled 10210 | -5/Garrison | Entered Factory 10210 | -5/Factory | Accompanied by 2 allies 10810 | -5/Factory | First assault squad dispatched 10813 | -5/Factory | Identified exit to Garrison 10813 | -5/Factory | Entered Garrison 10833 | -5/Garrison | Expanded RIF knowledge: Coupler Efficiency 10867 | -5/Garrison | Triggered checkpoint 10899 | -5/Garrison | System corruption reached 10% 10946 | -5/Garrison | Core integrity fell below 50% 11000 | -5/Garrison | Lost 11 parts (2p4n3u2w) 11014 | -5/Garrison | System corruption reached 30% 11479 | -5/Garrison | Spotted B-75 Beast 11549 | -5/Garrison | Lost 8 parts (1p2n2u3w) 11709 | -5/Garrison | Triggered checkpoint 11796 | -5/Garrison | Build established: Mutant 11849 | -5/Garrison | Core integrity fell below 20% 11904 | -5/Garrison | Lost 5 parts (3n1u1w) 11983 | -5/Garrison | Destroyed by S-27 Virus with Autogun Last Messages --------------- 11864_ Carbon-fiber Leg destroyed. 11866_ System corrupted: Lrn. Proton Cannon rejected. 11866_ Slammed into S-27 Virus. 11868_ S-27 Virus IFF system glitched. 11870_ Arm. Medium Treads destroyed. 11881_ TN,D/SPOO3S,2BOON6D|STOFM9=Z/RDVS=YCH 11890_ Acquired Point Defense System. 11897_ System corrupted: Component data lost. 11912_ System corrupted: Energy discharge (-12). 11927_ T 11944_ S-27 Virus destroyed. 11945_ System corrupted: Energy discharge (-31). 11949_ Adv. Visual Processing Unit destroyed. 11951_ Slammed into S-27 Virus. 11960_ J WYSXM0W6LC1WJ,L0PVWF 11967_ Slammed into S-27 Virus. 11978_ System corrupted: Energy discharge (-28). Map ----- +----------------------------------------------------+ | ?????????????????????????????????????????????????? | | ??????????????????????????? ???????????????????? | | ??????????????????????????# #??????????????????? | | ?????????????????????????? ??????????????????? | | ?????????????????????????? ??????????????????? | | ?????????????????????????? ??????????????????? | | ?????????????????????????? ?????????????????### | | ??????????????????????????# #######??????????#"# | | ??????????????????????????# # ############???#" | | ?????????????????????????? # #"""""#???#" | | ?????????????????????????? # ## "#???#" | | ?????????????????????????? ## "#???#"# | | ??????????????????????????# #?### #" "#???### | | ?????????????????????ggg??# #?# ##"""""#?????# | | ??????????????????????????# #### #########?????# | | ??????????????????????????# ## # #?##??????????# | | ??????????????????????????# # ## #?########## | | ??????????????????????????# ### ###?# " | | ??????????????????????????# #### # ##?# ##### ## | | ??????????????????????????# ##### # #???????# ## | | ???????????????????????#### ] #???????#% # | | ???????????????????????#* / #########"## | | ???????????????????????#%##### ^^ | | ???????????????????????# #### ##### #####%## | | ???????????????????????# !#?# #### ##??# #? | | ???????????????????????#s@#?## ## #### #??# #? | | ???????????????????????# !#??# ## #??#" "#??# #? | | ???????????????????????# !#??# ## ####" "#??# ## | | ???????????????????????# !#??# ## ##" "#??# | | ???????????????????????####??# ## ##"""#??#### | | ?????????????????????????????# ## ######?????? | | ????????????g????????????????# #######??????????? | | ????????????g????????????????# #????????????????? | | ????????????g????????????????# #????????????????? | | ?????????????????????????????# #????????????????? | | ?????????????????????????????# #????????????????? | | ?????????????????????????????# #????????????????? | | ?????????????????????????????# #????????????????? | | ?????????????????????????????# #????????????????? | | ?????????????????????????????# ?????????????????? | | ?????????????????????????????# ?????????????????? | | ?????????????????????????????# ?????????????????? | | ?????????????????????????????# ?????????????????? | | ????????????????????????????? ?????????????????? | | ?????????????????????????????*=!?????????????????? | | ?????????????????????????????"""?????????????????? | | ?????????????????????????????###?????????????????? | | ?????????????????????????????????????????????????? | | ?????????????????????????????????????????????????? | | ?????????????????????????????????????????????????? | +----------------------------------------------------+ Best States ------------- Heat Dissipation 86 Energy Generation 32 Energy Capacity 375 Matter Stores 470 Matter Capacity 550 Sight Range 20 Terrain Scan Range 16 Terrain Scan Density 210 Base Temperature (-) 100 Corruption Containment 8 Armor Coverage 600 Resistance: KI 20 Point Defense Rating 80 Phase Shifting 5 Evasion (%) 60 Recoil Reduction 4 Kinecelleration 30 Offensive Hacking 10 Relay Coupler Types 2 Relay Coupler Value 41 Authchip Count 5 Item Schematics ----------------- Lrn. Proton Cannon | -5/Factory | Scanalyzed Robot Schematics ------------------ None Fabricated ------------ Nothing Repaired ---------- Nothing Alien Tech Used ----------------- None Achievements -------------- None Challenges ------------ None Game ------ Seed CouplerThermalCharger Manual? 0 Play Time 01:32:25 Cumulative 132.5 hours Start 2025.08.11 @ 23:31:36 End 2025.08.12 @ 07:00:04 Sessions 5 Manual Loads 0 Difficulty Rogue Special Mode None Game No. 225 Rogue 225 Adventurer 0 Explorer 0 Win Type - Total 2 Types 1/0/1/0/0/0/0/0/0/0 Lore% 73 Gallery% 69 Achievement% 49 Wizard Run 0 Options --------- Layout 1 ASCII 0 Keyboard 0 Movement Mouse Keybinds 0 Fullscreen 1 Font 32/SmallcapsGlow Map View 50x35 Zoom Use 0% Tactical HUD 1 Map Filters NONE Filters NONE Steam 1 RUN: 86073af3-3b57-479d-ac14-dc0551831c31